 Dungeon Crawl Stone Soup version 0.30.1-11-g7821555f0a (webtiles) character file.

Game seed: 14755836477583743588

1186 KittyFluff the Covered (level 8, -3/50 HPs)
             Began as a Gargoyle Berserker on Nov 6, 2023.
             Was a Priest of Trog.
             Slain by an orc warrior
             ... wielding a +0 flail
              (10 damage)
             ... on level 6 of the Dungeon.
             The game lasted 00:17:54 (5159 turns).

KittyFluff the Covered (Gargoyle Berserker)         Turns: 5159, Time: 00:17:55

Health: -3/50      AC: 11    Str: 23    XL:     8   Next: 42%
Magic:  8/8        EV: 12    Int:  8    God:    Trog [***...]
Gold:   260        SH:  4    Dex: 15    Spells: 7/7 levels left

rFire   . . .        a - +0 mace
rCold   . . .        G - +0 buckler
rNeg    + . .        p - +0 leather armour
rPois   ∞            (no helmet)
rElec   +            (no cloak)
rCorr   .            (no gloves)
SInv    +            g - +1 pair of boots
Will    .....        (no amulet)
Stlth   +            I - ring of see invisible
HPRegen 0.28/turn    k - +6 ring of dexterity
MPRegen 0.11/turn

%: no passive effects
@: no status effects
A: sickness immunity, AC +5, negative energy resistance 1, electricity
resistance, torment resistance 1, petrification resistance
a: Renounce Religion, Berserk, Trog's Hand


You were on level 6 of the Dungeon.
You worshipped Trog.
Trog was most pleased with you.
You visited 1 branch of the dungeon, and saw 6 of its levels.

You collected 356 gold pieces.
You spent 96 gold pieces at shops.

Inventory:

Hand Weapons
 a - a +0 mace (weapon)
 F - a +0 sling
Missiles
 t - 14 poisoned darts (quivered)
Armour
 g - a +1 pair of boots (worn)
 p - a +0 leather armour (worn)
 B - a +1 ring mail of willpower
 G - a +0 buckler (worn)
Jewellery
 f - a ring of willpower
 k - a +6 ring of dexterity (right hand)
 I - a ring of see invisible (left hand)
Wands
 r - a wand of polymorph (6)
 u - a wand of acid (5)
Scrolls
 e - a scroll of silence {unknown}
 h - a scroll of enchant armour {unknown}
 i - a scroll of magic mapping {unknown}
 l - 2 scrolls of poison {unknown}
 v - a scroll of brand weapon {unknown}
 x - a scroll of blinking {unknown}
 y - a scroll of amnesia {unknown}
 z - a scroll of fear {unknown}
 A - a scroll of immolation {unknown}
 C - 2 scrolls of summoning {unknown}
 D - 2 scrolls of vulnerability {unknown}
 H - a scroll of fog
 J - 2 scrolls of teleportation
Potions
 b - 2 potions of mutation {unknown}
 c - 2 potions of haste
 d - a potion of attraction {unknown}
 j - a potion of lignification
 m - a potion of resistance
 n - 2 potions of flight {unknown}
 o - a potion of berserk rage {unknown}
 q - a potion of cancellation {unknown}
 s - 5 potions of curing {unknown}
 w - 3 potions of heal wounds
 E - a potion of brilliance {unknown}


   Skills:
 + Level 5.4 Fighting
 * Level 6.4 Maces & Flails
 * Level 6.4 Armour
 + Level 3.4 Dodging
 + Level 0.9 Shields


You had 7 spell levels left.
You didn't know any spells.
Your spell library was empty.

Dungeon Overview and Level Annotations

Branches:
Dungeon (6/15)             Temple (0/1) D:5

Altars:
Dithmenos
Kikubaaqudgha
Qazlal
Vehumet
The Shining One

Shops:
D:6 *?

Annotations:
D:5 2 runed translucent doors


Innate Abilities, Weirdness & Mutations

You are immune to sickness and miasma.
Your stone body is resilient. (AC +5)
You are immune to poison.
You resist negative energy. (rN+)
You are resistant to electric shocks. (rElec)
You are resistant to unholy torment.
You are immune to petrification.


Message History

You sock the steam dragon!
The steam dragon is almost dead.
You are engulfed in a cloud of scalding steam.
The steam dragon bites you but does no damage.
The steam dragon misses you.
The orc warrior is engulfed in a cloud of scalding steam.
The orc warrior misses you.
You hit the steam dragon.
You kill the steam dragon!
Trog accepts your kill.
You are engulfed in a cloud of scalding steam.
The orc warrior hits you but does no damage.
You hit the orc warrior but do no damage.
The orc warrior is moderately wounded.
You block the orc warrior's attack.
You hit the orc warrior but do no damage.
The orc warrior is moderately wounded.
The orc warrior barely misses you.
You hit the orc warrior but do no damage.
The orc warrior is moderately wounded.
The orc warrior barely misses you.
You hit the orc warrior.
The orc warrior is moderately wounded.
The orc warrior hits you with a +0 flail!
You thump the orc warrior!
The orc warrior is severely wounded.
The orc warrior hits you with a +0 flail!
* * * LOW HITPOINT WARNING * * *
The orc warrior hits you with a +0 flail!
* * * LOW HITPOINT WARNING * * *
You closely miss the orc warrior.
The orc warrior is severely wounded.
The orc warrior barely misses you.
You hit the orc warrior.
The orc warrior is severely wounded.
The orc warrior completely misses you.
You completely miss the orc warrior.
The orc warrior is severely wounded.
The orc warrior hits you with a +0 flail!
You die...

.......##...)..#
#####..#
.......##......# ##..#
.......##......# #..#
.......##......# #...
.......##......########
##..
##############........#
## #........#
#####...o....##
#.......@†......
#.............#.
#......?.....#8.
#............#
#........^.###
#.........##
#........## ........#


You could see an orc warrior.

Vanquished Creatures
  A steam dragon (D:6)
  A sky beast (D:3)
  2 ogres (D:5)
  2 phantoms
  A bullfrog (D:4)
  A scorpion (D:5)
  3 hounds
  A jelly (D:5)
  2 sleepcaps
  Jessica (D:3)
  5 iguanas
  Terence (D:2)
  3 orc wizards
  2 adders
  2 ufetubi (D:5)
  3 worms
  2 dart slugs (D:2)
  6 orcs
  4 endoplasms
  2 giant cockroaches (D:4)
  10 goblins
  6 hobgoblins
  5 jackals
  4 quokkas
  10 ball pythons
  7 bats
  A frilled lizard (D:2)
  6 kobolds
  2 rats (D:1)
96 creatures vanquished.

Notes
Turn   | Place    | Note
-------+----------+-------------------------------------------
     0 | D:1      | KittyFluff the Gargoyle Berserker began the quest for the
                  | Orb.
     0 | D:1      | Reached XP level 1. HP: 14/14 MP: 1/1
   241 | D:1      | Reached XP level 2. HP: 13/19 MP: 2/2
   746 | D:1      | Reached XP level 3. HP: 23/23 MP: 3/3
   755 | D:1      | Reached ** piety under Trog
  1407 | D:2      | Noticed Terence
  1422 | D:2      | Killed Terence
  1423 | D:2      | Reached XP level 4. HP: 13/29 MP: 4/4
  1541 | D:2      | Found a faded altar of an unknown god.
  2105 | D:3      | Found a shadowy altar of Dithmenos.
  2188 | D:3      | Noticed Jessica
  2197 | D:3      | Killed Jessica
  2198 | D:3      | Reached XP level 5. HP: 18/33 MP: 5/5
  2281 | D:3      | Found a stormy altar of Qazlal.
  2281 | D:3      | Noticed a sky beast
  2319 | D:3      | Killed a sky beast
  2727 | D:4      | Reached XP level 6. HP: 19/38 MP: 6/6
  2880 | D:4      | Found an ancient bone altar of Kikubaaqudgha.
  2895 | D:4      | Found a glowing golden altar of the Shining One.
  3026 | D:4      | Found a radiant altar of Vehumet.
  3606 | D:4      | Reached skill level 5 in Maces & Flails
  3708 | D:4      | Reached skill level 5 in Armour
  3708 | D:4      | Reached XP level 7. HP: 42/44 MP: 7/7
  3754 | D:5      | Entered Level 5 of the Dungeon
  3914 | D:5      | Found a staircase to the Ecumenical Temple.
  4010 | D:5      | Reached skill level 5 in Fighting
  4172 | D:5      | Found a runed translucent door.
  4175 | D:5      | Found a runed translucent door.
  4175 | D:5      | Noticed a vampire mosquito
  4176 | D:5      | Noticed a vampire mosquito
  4369 | D:5      | Reached XP level 8. HP: 39/49 MP: 8/8
  4991 | D:6      | Found Suclek's Magic Scroll Emporium.
  4997 | D:6      | Bought a scroll of teleportation for 36 gold pieces
  4997 | D:6      | Bought a scroll of identify for 24 gold pieces
  4997 | D:6      | Bought a scroll of teleportation for 36 gold pieces
  5002 | D:6      | Found Dexoihid's General Store.
  5021 | D:6      | Reached *** piety under Trog
  5159 | D:6      | Slain by an orc warrior

Illustrated notes

Levels and vault maps discovered:
D:1:      psy_arrival_fountain, layout_loops_corners, serial_glass,
          glass_columns_c, glass_columns_a, glass_columns_a, glass_columns_a,
          glass_columns_a, glass_columns_b, glass_columns_b, glass_columns_a,
          glass_columns_a, glass_columns_b, glass_columns_b, glass_columns_a,
          glass_columns_b, glass_columns_a, dk_noncrumbling_3,
          lemuel_flame_loot_1
D:2:      layout_loops_ring, ebering_ecumenical_altar_rust, uniq_terence
D:3:      layout_rooms, marbit_many_paths, nicolae_qazlal_beasts_of_the_sky,
          uniq_jessica
D:4:      layout_basic, fiery_altar_vehumet, jmf_multi_god_temple
D:5:      lemuel_insect_pit, layout_loops_ring, minmay_temple_entry_junction_2
D:6:      layout_basic, kennysheep_orc_sif_temple, gammafunk_ghost_cemetery,
          serial_shops, nicolae_shop_rolling_square, shop_fountains, shop,
          nicolae_shop_peninsula

Skill      XL: |  1  2  3  4  5  6  7  8 |
---------------+-------------------------+-----
Armour         | 3 4 5 6 |  6.4
Dodging        | 2 3 |  3.4
Maces & Flails | 4 5 6 |  6.4
Fighting       | 4 5 |  5.4
Shields        | |  0.9

Action                     |  1- 3 |  4- 6 |  7- 9 || total
---------------------------+-------+-------+-------++-------
  Melee: Mace              |   129 |   168 |   158 ||   455
         Punch             |     1 |     2 |     4 ||     7
 Invoke: Berserk           |       |     1 |       ||     1
    Use: Scroll            |       |     4 |     1 ||     5
   Stab: Sleeping          |       |     1 |       ||     1
 Armour: Animal skin       |    49 |     4 |       ||    53
         Leather armour    |       |    64 |    71 ||   135
  Dodge: Dodged            |    75 |   117 |   105 ||   297
  Block: Buckler           |       |       |     8 ||     8
